 Dungeon Crawl Stone Soup version 0.30-a0-719-gcc4359ea44 (webtiles) character file.

Game seed: 12168747789205789727

19 boo the Ducker (level 2, -3/23 HPs)
             Began as a Merfolk Gladiator on Jan 26, 2023.
             Slain by an orc
             ... wielding a +0 flail
              (5 damage)
             ... on level 2 of the Dungeon.
             The game lasted 00:01:32 (845 turns).

boo the Ducker (Merfolk Gladiator)                   Turns: 845, Time: 00:01:33

Health: -3/23      AC:  4    Str: 14    XL:     2   Next: 75%
Magic:  2/2        EV: 13    Int:  7    God:
Gold:   59         SH:  0    Dex: 15    Spells: 1/1 levels left

rFire   . . .      SeeInvis .    a - +0 long sword
rCold   . . .      Faith    .    (no shield)
rNeg    . . .      Spirit   .    b - +0 leather armour
rPois   .          Reflect  .    c - +0 helmet
rElec   .          Harm     .    (no cloak)
rCorr   .          Rampage  .    (no gloves)
Will    .....                    (no boots)
Stlth   +                        (no amulet)
HPRegen 0.23/turn                (no ring)
MPRegen 0.08/turn                (no ring)

@: weak-willed
A: (nimble swimmer 2), mertail
a: no special abilities


You were on level 2 of the Dungeon.
You visited 1 branch of the dungeon, and saw 2 of its levels.

You collected 59 gold pieces.

Inventory:

Hand Weapons
 a - a +0 long sword (weapon)
Missiles
 d - 3 throwing nets (quivered)
 e - a javelin
Armour
 b - a +0 leather armour (worn)
 c - a +0 helmet (worn)
 i - a +0 pair of gloves
 n - a +0 cloak
Scrolls
 f - 2 scrolls of enchant armour {unknown}
 g - a scroll of brand weapon {unknown}
 h - a scroll of immolation
 j - a scroll of enchant weapon {unknown}
 k - a scroll of vulnerability
Potions
 l - a potion of might {unknown}
 m - a potion of curing {unknown}


   Skills:
 + Level 2.5 Fighting
 * Level 4.2 Long Blades
 - Level 2.0 Throwing
 + Level 4.3 Dodging


You had one spell level left.
You didn't know any spells.
Your spell library contained the following spells:

 Spells                   Type           Power      Damage    Failure   Level
 Summon Small Mammal      Summ           0%         N/A       52%         1
 Call Canine Familiar     Summ           0%         N/A       87%         3
 Summon Guardian Golem    Hex/Summ       0%         N/A       87%         3
 Leda's Liquefaction      Hex/Erth       0%         N/A       99%         4
 Lee's Rapid Deconstruct  Erth           0%         3d4*      100%        5
 Statue Form              Tmut/Erth      0%         N/A       100%        6


Dungeon Overview and Level Annotations

Branches:
Dungeon (2/15)

Altars:


Innate Abilities, Weirdness & Mutations

((You are very nimble when in or above water. (Stealth+, EV+, Speed+++)))
Your lower body shifts to a powerful aquatic tail in water.


Message History

The frilled lizard bites you.
You miss the frilled lizard.
An orc comes into view. It is wielding a +0 flail.
The frilled lizard barely misses you.
You miss the frilled lizard. The frilled lizard barely misses you.
The frilled lizard bites you.
You slash the frilled lizard!
You kill the frilled lizard!
You hit the orc.
The orc is moderately wounded.
An orc priest comes into view. It is wielding a +0 dagger.
You hit the orc.
The orc is heavily wounded.
The orc closely misses you. The orc hits you with a +0 flail.
You closely miss the orc.
The orc is heavily wounded.
The orc closely misses you.
You closely miss the orc. The orc misses you.
The orc priest casts a cantrip, but nothing happens.
The orc hits you with a +0 flail! The orc barely misses you.
The orc attacks as you move away! The orc barely misses you.
The orc attacks as you move away! The orc hits you but does no damage.
The orc closely misses you. The orc attacks as you move away!
The orc barely misses you.
The orc priest casts a cantrip, but nothing happens.
The orc hits you with a +0 flail.
You see here a +0 cloak.
n - a +0 cloak The orc hits you with a +0 hand axe.
The orc closely misses you.
As you read the scroll labelled ICEERGH FIBUCH, it crumbles to dust.
Magic quickly surges around you.
It was a scroll of vulnerability.
The orc barely misses you.
The orc priest calls upon Beogh to heal the orc.
The orc's wounds heal themselves!
The orc hits you with a +0 flail.
* * * LOW HITPOINT WARNING * * *
As you read the scroll labelled WOCWISAHOO, it crumbles to dust.
The creatures around you are filled with an inner flame!
It was a scroll of immolation.
The orc closely misses you. The orc barely misses you.
The orc hits you with a +0 flail.
You die...

#.#.####### #
#.#.##
#....#######
###.........
##.####### #.#
#.# #.# ###
#.####@## ###
#....ooo##.....
####...o†......
##..!#######
##.## ###


You could see an orc priest (inner flame, weak-willed) and 3 orcs.

Vanquished Creatures
  2 ball pythons
  An endoplasm (D:1)
  4 goblins (D:1)
  A hobgoblin (D:1)
  2 quokkas (D:1)
  2 frilled lizards (D:2)
  3 kobolds (D:1)
  3 rats (D:1)
18 creatures vanquished.

Notes
Turn   | Place    | Note
-------+----------+-------------------------------------------
     0 | D:1      | boo the Merfolk Gladiator began the quest for the Orb.
     0 | D:1      | Reached XP level 1. HP: 16/16 MP: 1/1
   228 | D:1      | Reached XP level 2. HP: 23/23 MP: 2/2
   742 | D:1      | Found a faded altar of an unknown god.
   742 | D:1      | Noticed a ynoxinul
   845 | D:2      | Slain by an orc

Illustrated notes

Levels and vault maps discovered:
D:1:      wander_arrival_lonely_grave, layout_basic,
          dreamdust_ecumenical_altar_sealed_demon, minmay_box_of_dots
D:2:      layout_loops_ring

Skill      XL: |  1  2 |
---------------+-------+-----
Long Blades    | 4 |  4.2
Fighting       | |  2.5
Throwing       | |  2.0
Dodging        | |  4.3

Action                     || total
---------------------------++-------
  Melee: Long sword        ||    45
    Use: Scroll            ||     2
 Armour: Leather armour    ||    13
  Dodge: Dodged            ||    41

Table legend: (Time is in decaauts)
 A = Elapsed time spent in this place.
 B = Non-inter-level travel time spent in this place.
 C = Inter-level travel time spent in this place.
 D = Time resting spent in this place.
 E = Time spent auto-exploring this place.
 F = Levels seen in this place.
 G = Mean time per level.
                   A        B        C        D        E       F      G
               +--------+--------+--------+--------+--------+-----+--------+
         Total |    853 |    824 |     29 |     94 |    571 |   2 |  426.5 |
       Dungeon |    853 |    824 |     29 |     94 |    571 |   2 |  426.5 |
               +--------+--------+--------+--------+--------+-----+--------+

Top non-repeatable levels by time:
     D:1: 796 daAuts
     D:2: 57 daAuts
